 Dungeon Crawl Stone Soup version 0.23-a0-650-ga4d50d4d25 (webtiles) character file.

19 Notair the Chopper (level 2, -11/25 HPs)
             Began as a Minotaur Gladiator on Jan 6, 2019.
             Mangled by an ogre
             ... wielding a +0 giant club
              (19 damage)
             ... on level 2 of the Dungeon.
             The game lasted 00:01:29 (1053 turns).

Notair the Chopper (Minotaur Gladiator)             Turns: 1053, Time: 00:01:29

Health: -11/25     AC:  8    Str: 18    XL:     2   Next: 55%
Magic:  1/1        EV:  8    Int:  5    God:
Gold:   25         SH:  0    Dex: 11    Spells: 1/1 levels left

rFire    . . .     SeeInvis .   a - +0 war axe
rCold    . . .     Gourm    .   (no shield)
rNeg     . . .     Faith    .   h - +0 chain mail
rPois    .         Spirit   .   c - +0 hat
rElec    .         Reflect  .   (no cloak)
rCorr    .         Harm     .   (no gloves)
MR       .....                  (no boots)
Stlth    ..........             (no amulet)
HPRegen  0.08/turn              (no ring)
MPRegen  0.07/turn              (no ring)

@: no status effects
A: retaliatory headbutt, horns 2
a: no special abilities


You were on level 2 of the Dungeon.
You were not hungry.

You visited 1 branch of the dungeon, and saw 2 of its levels.

You collected 25 gold pieces.

Inventory:

Hand Weapons
 a - a +0 war axe (weapon)
 i - a +0 hunting sling
Missiles
 d - 3 throwing nets (quivered)
 e - 45 stones
Armour
 b - a +0 leather armour
 c - a +0 hat (worn)
 h - a +0 chain mail (worn)
Scrolls
 g - a scroll of amnesia {unknown}
Comestibles
 f - 3 rations


   Skills:
 + Level 2.8 Fighting
 * Level 4.3 Axes
 - Level 2.0 Throwing
 + Level 1.1 Armour
 - Level 3.2 Dodging


You had one spell level left.
You didn't know any spells.
Your spell library was empty.

Dungeon Overview and Level Annotations

Branches:
Dungeon (2/15)

Altars:


Innate Abilities, Weirdness & Mutations

You reflexively headbutt those who attack you in melee.
You have a pair of horns on your head.


Message History

You kill the goblin!
An ogre comes into view. It is wielding a +0 giant club.
Things that are here:
a +0 dagger; a goblin corpse An ogre is nearby!
An ogre is nearby!
The ogre hits you with a +0 giant club!
You slash the ogre!
The ogre is heavily wounded.
The ogre completely misses you.
You hit the ogre. Your headbutt misses the ogre.
The ogre is severely wounded.
The ogre hits you with a +0 giant club!
You are too injured to fight recklessly!
You are too injured to fight recklessly!
You slash the ogre!
The ogre is almost dead.
The ogre hits you with a +0 giant club!!
Ouch! That really hurt!
You die...

+...†........#####
#.....#.#<........
#.....#.##....####
#.....#..+........
#.....####...(.###
#......# #).......
#.....#.####...#..##
#.....#.#.....###.#
.......
.+..@........
.#.....
.#.O).####.##
#......# #......#
#....### #.... #.###
#.


You could see an ogre.

Vanquished Creatures
  A leopard gecko (D:1)
  A ball python (D:1)
  A bat (D:1)
  4 goblins
  3 hobgoblins (D:1)
  3 frilled lizards (D:1)
  2 kobolds
  3 rats (D:1)
18 creatures vanquished.

Notes
Turn   | Place    | Note
-------+----------+-------------------------------------------
     0 | D:1      | Notair the Minotaur Gladiator began the quest for the Orb.
     0 | D:1      | Reached XP level 1. HP: 18/18 MP: 0/0
   427 | D:1      | Reached skill level 4 in Axes
   460 | D:1      | Reached XP level 2. HP: 25/25 MP: 1/1
   698 | D:1      | Reached skill level 1 in Armour
  1047 | D:2      | Noticed an ogre
  1053 | D:2      | Mangled by an ogre

Vault maps used:
D:1:      dpeg_arrival_signposts, minmay_misc_feat_doors
D:2:      marbit_many_paths, lemuel_doored_altar, okawaru_gym_becter

Skill      XL: |  1  2 |
---------------+-------+-----
Axes           | 4 |  4.3
Armour         | 1 |  1.1
Fighting       | |  2.8
Throwing       | |  2.0
Dodging        | |  3.2

Action                   || total
-------------------------++-------
Melee: War axe           ||    35
       Headbutt          ||     4
Armor: Leather armour    ||     8
       Chain mail        ||     3
Dodge: Dodged            ||    20

Table legend:
 A = Non-vault XP
 B = Vault XP
 C = Vault XP percentage of total XP
 D = Non-vault monster count
 E = Vault monster count
 F = Vault count percentage of total count
                 A         B        C        D         E       F
            +---------+---------+-------+---------+---------+-------
      Total |      28 |       0 |   0.0 |      18 |       0 |   0.0
            +---------+---------+-------+---------+---------+-------
        D:1 |      25 |       0 |   0.0 |      16 |       0 |   0.0
        D:2 |       3 |       0 |   0.0 |       2 |       0 |   0.0
            +---------+---------+-------+---------+---------+-------
